Map: Ruins of Seras

Players

LiquidSnute (Snute) - Winner!

  • Race: Zerg Zerg
  • League: Grandmaster

Kelazhur

  • Race: Terran Terran
  • League: Master

Event: DreamHack ZOWIE Open Leipzig

VOD

Have the link to the VOD?

Description

Time

  • Played on: Jan. 22, 2016, 11:41 a.m.
  • Length: 15:21

All games in this series

Show
View Real Time Build Order
Export as new Build Order

LiquidSnute Zerg - Winner!

Build Orders: Hatch First, Zergling Roach Ravager 

Get SALT Encoding   

  12  0:00  Drone  
  13  0:12  Overlord  
  13  0:17  Drone  
  14  0:31  Drone x2  
  14  0:34  Drone  
  17  0:53  Hatchery  
  17  0:56  Drone  
  17  0:59  Drone  
  17  1:01  Extractor  
  17  1:14  Spawning Pool  
  17  1:18  Drone  
  17  1:21  Drone  
  18  1:28  Drone  
  19  1:38  Overlord  
  19  2:01  Zergling x2, Queen  
  19  2:02  Zergling x2  
  19  2:03  Metabolic Boost  
  19  2:06  Queen  
  25  2:13  Overlord  
  25  2:17  Drone  
  25  2:20  Drone  
  27  2:23  Drone  
  27  2:28  Drone  
  29  2:32  Drone  
  29  2:38  Drone  
  29  2:45  Drone  
  29  2:47  Spore Crawler  
  29  2:49  Queen  
  31  2:52  Overlord  
  31  2:56  Zergling x2  
  33  2:59  Zergling x2  
  33  3:04  Zergling x2  
  35  3:11  Drone x2  
  35  3:12  Drone x2  
  39  3:16  Drone x2  
  39  3:17  Drone  
  42  3:27  Drone  
  42  3:28  Drone  
  42  3:31  Hatchery  
  43  3:35  Roach Warren  
  43  3:36  Drone  
  43  3:37  Extractor  
  43  3:38  Drone  
  43  3:40  Drone  
  44  3:44  Drone  
  44  3:45  Drone  
  44  3:47  Drone  
  44  3:48  Drone  
  47  3:52  Overlord  
  47  3:55  Overlord  
  47  4:00  Queen  
  49  4:05  Queen  
  51  4:15  Roach x4  
  59  4:18  Roach  
  59  4:22  Roach  
  59  4:23  Roach  
  64  4:26  Zergling x4  
  64  4:29  Overlord  
  66  4:31  Zergling x2  
  66  4:36  Overlord, Ravager  
  68  4:46  Ravager  
  68  4:49  Zergling x6  
  68  4:50  Zergling x8  
  76  4:53  Drone x2, Extractor  
  76  4:54  Drone  
  76  4:55  Ravager  
  76  4:58  Drone x2  
  81  5:05  Spore Crawler  
  80  5:10  Drone x2  
  80  5:11  Drone  
  83  5:15  Overlord  
  83  5:16  Drone x3  
  83  5:19  Ravager  
  87  5:21  Drone  
  87  5:22  Drone x2  
  87  5:25  Overlord  
  90  5:32  Lair  
  90  5:35  Drone x4  
  94  5:36  Drone  
  94  5:40  Drone x2  
  97  5:47  Overlord  
  97  5:49  Drone x2  
  99  5:52  Drone x2  
  99  5:55  Drone x3  
  104  5:58  Drone  
  104  6:00  Extractor  
  104  6:02  Extractor x2  
  104  6:04  Evolution Chamber x2, Drone x2  
  102  6:13  Overlord  
  102  6:14  Drone x2  
  102  6:17  Drone x2  
  106  6:19  Drone x2  
  106  6:25  Drone  
  109  6:29  Overlord  
  109  6:32  Glial Reconstitution  
  109  6:34  Zerg Missile Weapons Level 1, Infestation Pit, Zerg Ground Armor Level 1  
  109  6:38  Hatchery  
  106  6:45  Drone x9  
  110  6:50  Drone x2  
  111  7:04  Overlord  
  111  7:08  Roach x9  
  127  7:15  Overlord x3  
  129  7:19  Overlord  
  129  7:26  Pathogen Glands  
  129  7:32  Overlord x2  
  129  7:36  Pneumatized Carapace, Extractor  
  128  7:40  Extractor  
  128  7:41  Roach x5  
  128  7:42  Roach  
  139  7:50  Infestor x4  
  147  7:53  Ravager x2  
  147  7:54  Queen  
  147  7:56  Spore Crawler  
  147  7:58  Spine Crawler  
  149  7:59  Drone x4  
  153  8:07  Roach x2  
  153  8:08  Roach x4  
  164  8:14  Spore Crawler  
  164  8:16  Roach x3  
  164  8:17  Roach  
  169  8:21  Spore Crawler  
  169  8:26  Spore Crawler  
  165  8:30  Zerg Ground Armor Level 2, Zerg Missile Weapons Level 2  
  165  8:36  Infestor  
  167  8:43  Roach x5  
  177  8:52  Overlord x2  
  177  8:53  Ravager  
  177  8:54  Ravager x3  
  181  8:58  Overlord, Spore Crawler, Queen x2  
  184  9:09  Queen  
  186  9:32  Roach  
  186  9:33  Roach x6  
  186  9:37  Overlord  
  200  9:39  Hive  
  200  9:54  Hatchery  
  197  10:04  Drone  
  197  10:05  Drone x3  
  193  10:15  Infestor x3  
  199  10:38  Spore Crawler  
  199  10:39  Spire  
  199  10:40  Spore Crawler  
  199  10:41  Spore Crawler  
  199  10:42  Spore Crawler, Ravager x2  
  196  10:43  Ravager x4  
  196  10:47  Hatchery  
  196  10:52  Zerg Ground Armor Level 3, Ravager x2, Zerg Missile Weapons Level 3  
  198  11:12  Extractor  
  198  11:13  Extractor  
  196  11:51  Ravager, Overseer  
  196  11:53  Overseer x3, Greater Spire  
  197  12:02  Ravager x2  
  197  12:03  Ravager  
  126  12:39  Roach x17  
  126  12:40  Roach x20  
  180  12:52  Roach x3  
  180  12:53  Roach x5  
  180  12:57  Overlord  
  196  13:05  Overlord  
  196  13:07  Zerg Flyer Weapons Level 1  
  196  13:14  Overlord  
  196  13:17  Ravager x4  
  186  13:53  Roach x8  
  177  14:00  Roach x3  
  177  14:01  Roach x13  
  192  14:03  Ravager x3  
  192  14:04  Infestor x2  
  197  14:12  Ravager  
  197  14:13  Ravager  
  188  14:28  Roach x2  
  188  14:29  Roach x3  
  187  14:38  Roach x7  
  178  14:39  Roach x5  
  178  14:45  Roach x5  
  199  14:46  Ravager  
  194  15:15  Ravager  
  194  15:16  Ravager x4  
  194  15:18  Ravager x3  
Show
View Real Time Build Order
Export as new Build Order

Kelazhur Terran 

Build Orders: Reaper Expand, Bio Tank, MMM Bio 

Get SALT Encoding   

  12  0:00  SCV  
  13  0:13  SCV  
  14  0:18  Supply Depot  
  14  0:25  SCV  
  15  0:39  SCV  
  15  0:40  Barracks  
  16  0:45  Refinery  
  16  0:51  SCV  
  17  1:03  SCV  
  18  1:15  SCV  
  19  1:28  Reaper, Orbital Command  
  20  1:41  Command Center  
  20  1:49  Supply Depot  
  20  1:53  SCV  
  21  2:00  Barracks Reactor  
  21  2:05  SCV  
  22  2:18  SCV  
  22  2:22  Factory  
  23  2:34  SCV  
  24  2:38  Marine x2  
  26  2:50  SCV  
  27  2:53  Command Center, Orbital Command  
  27  2:57  Marine  
  28  2:58  Marine  
  28  3:03  SCV  
  30  3:11  Starport  
  30  3:20  SCV  
  30  3:23  Hellion x2  
  30  3:24  Marine  
  36  3:28  SCV  
  36  3:33  SCV  
  37  3:40  SCV  
  38  3:44  Hellion x2  
  38  3:45  SCV  
  43  3:51  Marine  
  43  3:54  Supply Depot  
  45  3:57  Medivac  
  46  4:05  Hellion x2, Orbital Command  
  46  4:07  SCV  
  46  4:09  Marine  
  52  4:17  SCV  
  52  4:20  SCV  
  52  4:21  Supply Depot  
  54  4:27  Hellion x2  
  54  4:29  SCV  
  59  4:33  SCV  
  59  4:34  Liberator  
  59  4:36  Barracks Tech Lab  
  60  4:42  Supply Depot, Barracks, SCV  
  60  4:43  Barracks  
  60  4:44  Bunker  
  61  4:48  SCV  
  61  4:50  Refinery  
  65  4:57  Marine  
  64  5:04  SCV  
  64  5:05  Supply Depot  
  65  5:07  SCV  
  65  5:12  SCV  
  67  5:15  Factory Reactor  
  67  5:16  SCV  
  67  5:17  Refinery x2  
  67  5:19  Barracks, Marine  
  67  5:20  SCV, Barracks  
  70  5:23  Supply Depot  
  68  5:30  Bunker  
  68  5:36  Bunker  
  68  5:37  Marine  
  68  5:38  Marine  
  68  5:39  Marine  
  68  5:51  SCV  
  68  5:55  Marine  
  68  5:56  SCV  
  65  5:58  SCV  
  65  6:02  Stimpack  
  65  6:03  SCV  
  65  6:05  Starport Reactor  
  65  6:08  SCV  
  65  6:10  SCV  
  66  6:13  Barracks Reactor x2  
  66  6:14  Marine x3  
  66  6:16  SCV  
  66  6:17  Engineering Bay x2  
  70  6:20  SCV  
  71  6:31  Marine x2  
  71  6:32  Marine  
  74  6:34  SCV  
  74  6:36  SCV  
  74  6:37  Factory Tech Lab  
  70  6:49  SCV x2, Marine x3  
  70  6:50  Marine x2  
  70  6:51  Marine x3  
  70  6:53  Medivac x2  
  78  6:54  Terran Infantry Weapons Level 1, Terran Infantry Armor Level 1  
  78  6:56  Supply Depot  
  78  6:59  Orbital Command  
  78  7:00  Supply Depot, Barracks x3, Marine  
  79  7:03  Siege Tank  
  79  7:07  Marine  
  83  7:10  Marine  
  83  7:11  Marine  
  83  7:13  Marine x4  
  83  7:14  Marauder  
  91  7:17  Marine  
  91  7:21  SCV  
  93  7:25  Marine  
  93  7:28  Medivac  
  97  7:33  SCV x3  
  97  7:36  Marine  
  97  7:37  Marine x5  
  101  7:43  Marine  
  106  7:45  SCV  
  106  7:48  Marine x4  
  111  7:53  SCV x2  
  111  7:54  Marine  
  111  7:55  Factory Tech Lab  
  111  7:57  SCV, Refinery  
  111  7:58  Supply Depot  
  115  7:59  Armory, Supply Depot  
  115  8:01  Marine  
  115  8:03  Combat Shields  
  116  8:05  SCV  
  116  8:09  Marine  
  117  8:19  Siege Tank, Medivac x2  
  124  8:21  Marine  
  124  8:22  Supply Depot, Marine x3  
  124  8:23  Supply Depot, Marauder  
  130  8:31  SCV x3  
  133  8:43  Marine x2  
  133  8:44  SCV x2, Marine  
  133  8:45  Marine x5, Marauder  
  133  8:46  Supply Depot  
  133  8:47  Supply Depot  
  145  8:51  SCV  
  145  8:52  Siege Tank  
  149  9:07  Barracks Reactor, Medivac x2, Marine  
  149  9:08  Barracks Reactor x2, Marauder  
  149  9:09  Terran Infantry Weapons Level 2  
  156  9:10  Supply Depot x2  
  156  9:12  Marine  
  156  9:17  Terran Infantry Armor Level 2  
  156  9:19  Marine  
  156  9:22  Marine  
  158  9:29  Marauder  
  157  9:32  Marine  
  157  9:33  Marine  
  157  9:36  Siege Tank  
  157  9:37  Marine  
  160  9:40  Marine  
  160  9:42  Supply Depot  
  160  9:44  Supply Depot, Marine  
  162  9:45  Command Center  
  162  9:50  Marauder, Marine  
  162  9:51  Medivac x2  
  161  9:57  Marine  
  161  9:58  Marine x2  
  164  10:11  SCV  
  164  10:12  Marauder  
  160  10:16  Marine x2  
  160  10:20  Marine  
  163  10:22  Marine  
  163  10:23  Marine  
  163  10:24  Marine  
  163  10:25  Siege Tank  
  169  10:33  Marauder  
  170  10:49  Marine  
  171  10:55  Marine, Marauder  
  171  10:56  Marine x4  
  178  11:00  Marine x2  
  178  11:01  Marine x3  
  179  11:05  Marine  
  179  11:10  Siege Tank, Marine  
  181  11:12  Marine  
  181  11:16  Marauder  
  181  11:18  Refinery  
  179  11:19  Command Center  
  161  11:36  Planetary Fortress  
  161  11:38  Marine x6, Marauder  
  161  11:39  Marine x4  
  172  11:40  Marine  
  172  11:41  Terran Infantry Weapons Level 3, Terran Infantry Armor Level 3  
  168  11:56  Command Center  
  168  11:59  Marauder  
  170  12:01  Missile Turret  
  169  12:16  Marine  
  169  12:20  Marauder  
  150  12:32  Marine x7  
  150  12:34  Siege Tank  
  150  12:36  Medivac  
  150  12:37  Marine, Medivac  
  124  12:39  Marine  
  124  12:40  Marine x4  
  124  12:41  Marine  
  124  12:42  Marauder  
  107  12:49  Marine  
  107  12:50  Marine  
  103  12:55  Marine x2  
  103  12:56  Marine  
  103  12:57  Marine  
  106  13:00  Factory  
  106  13:01  Factory  
  106  13:03  Marauder  
  108  13:06  Siege Tank, Marine x5  
  108  13:10  Marine  
  117  13:19  Marine  
  118  13:20  Marine  
  118  13:24  Marauder  
  118  13:26  Medivac x2  
  118  13:27  Marine x7  
  125  13:29  Marine  
  132  13:37  Missile Turret  
  125  13:44  Marine  
  125  13:46  Marauder  
  125  13:47  Marine  
  114  13:55  Marine x7  
  95  13:56  Medivac, Marine x5  
  89  14:04  Marine  
  89  14:07  Factory Tech Lab x2, Marauder  
  89  14:08  Marine  
  76  14:14  Siege Tank  
  77  14:21  Marine x2  
  77  14:24  Marine  
  77  14:26  Marine  
  77  14:28  Medivac  
  77  14:29  Marine, Marauder  
  75  14:32  Marine  
  75  14:34  Marine  
  75  14:35  Marine x2  
  71  14:42  Medivac  
  71  14:45  Marine  
  64  14:46  Marine  
  62  14:55  Marine  
  62  14:56  Marine  

Tags
 
Add a new tag
Caveats
  • Supply blocks, unpowered buildings, or Contaminate may cause inaccurate times.
  • Supply counts are checked every 10 seconds.